 Dungeon Crawl Stone Soup version 0.26.1-2-gb8aa6d0cf2 (webtiles) character file.

Game seed: 12710874819072412028

24899 nightchill the Cruncher (level 13, -7/84 HPs)
             Began as a Gargoyle Ice Elementalist on Mar 9, 2021.
             Was an Initiate of Gozag.
             Killed by divine providence
             ... invoked by Saint Roka
              (14 damage)
             ... on level 2 of the Orcish Mines.
             The game lasted 00:53:05 (21119 turns).

nightchill the Cruncher (GrIE)                     Turns: 21119, Time: 00:53:06

Health: -7/84      AC: 23    Str: 16    XL:     13   Next: 16%
Magic:  17/17      EV: 10    Int: 20    God:    Gozag
Gold:   1848       SH:  0    Dex: 10    Spells: 7/17 levels left

rFire    . . .     SeeInvis .   A - +4 lajatang (protect)
rCold    . . .     Faith    .   (shield currently unavailable)
rNeg     + . .     Spirit   .   H - +1 ring mail {rPois}
rPois    ∞         Reflect  .   f - +1 hat
rElec    +         Harm     .   J - +0 cloak "Nynuo" {Stlth+}
rCorr    .         Rampage  .   m - +1 pair of gloves {Str+3}
Will     .....                  (no boots)
Stlth    ++........             k - amulet of regeneration
HPRegen  0.64/turn              g - +4 ring of protection
MPRegen  0.15/turn              I - ring of stealth

@: confused, gold aura
A: negative energy resistance 1, electricity resistance, unbreathing,
petrification resistance, miasma immunity, AC +9
a: Renounce Religion, Potion Petition, Call Merchant, Bribe Branch


You were on level 2 of the Orcish Mines.
You worshipped Gozag.
Gozag was most pleased with you.
You visited 4 branches of the dungeon, and saw 16 of its levels.

You collected 3844 gold pieces.
You spent 577 gold pieces at shops.
You paid 1419 gold pieces to Gozag.

Inventory:

Hand Weapons
 d - a +0 dagger of venom
 A - a +4 lajatang of protection (weapon)
Armour
 a - a +0 robe
 f - a +1 hat (worn)
 m - a +1 pair of gloves of strength (worn)
 H - a +1 ring mail of poison resistance (worn)
 J - the +0 cloak "Nynuo" (worn) {Stlth+}
   (You bought it in a shop on level 10 of the Dungeon)

   It makes you more stealthy.
Jewellery
 g - a +4 ring of protection (left hand)
 k - an amulet of regeneration (around neck)
 I - a ring of stealth (right hand)
Wands
 i - a wand of enslavement (6)
 q - a wand of flame (19)
 r - a wand of polymorph (15)
 y - a wand of disintegration (15)
 z - a wand of paralysis (12)
 B - a wand of acid (13)
Scrolls
 c - 9 scrolls of remove curse
 e - 8 scrolls of teleportation
 h - 4 scrolls of immolation
 n - a scroll of enchant armour
Potions
 b - 9 potions of curing
 j - a potion of brilliance
 l - 4 potions of might
 t - a potion of invisibility {unknown}
 v - 4 potions of haste
 w - 4 potions of mutation
 C - a potion of lignification
 D - 2 potions of magic {unknown}
 E - a potion of berserk rage {unknown}
 G - a potion of flight


   Skills:
 + Level 11.5 Fighting
 - Level 2.2(9.5) Maces & Flails
 - Level 13.9(14.0) Staves
 - Level 1.5 Dodging
 - Level 2.1 Stealth
 - Level 2.9 Spellcasting
 + Level 3.8 Conjurations
 - Level 11.0 Ice Magic
 + Level 2.9 Air Magic
 + Level 3.4 Poison Magic


You had 7 spell levels left.
You knew the following spells:

 Your Spells              Type           Power        Failure   Level
a - Freeze                Ice            100%         1%          1
b - Frozen Ramparts       Ice            94%          1%          3
c - Mephitic Cloud        Conj/Pois/Air  16%          21%         3
d - Ozocubu's Armour      Ice            47%          1%          3

Your spell library contained the following spells:

 Spells                   Type           Power        Failure   Level
 Magic Dart               Conj           72%          5%          1
 Hailstorm                Conj/Ice       32%          13%         4
 Beastly Appendage        Tmut           4%           28%         1
 Ice Form                 Ice/Tmut       25%          28%         4
 Summon Ice Beast         Ice/Summ       25%          28%         4
 Conjure Flame            Conj/Fire      10%          36%         3
 Blink                    Tloc           N/A          38%         2
 Call Imp                 Summ           2%           38%         2
 Slow                     Hex            2%           38%         2
 Wereblood                Tmut           2%           38%         2
 Spider Form              Tmut/Pois      4%           38%         3
 Blade Hands              Tmut           1%           100%        5


Dungeon Overview and Level Annotations

Branches:
Dungeon (10/15)            Temple (1/1) D:4            Lair (3/6) D:8
    Orc (2/2) D:10            Elf (0/3) Orc:2
  Swamp: Lair:2-4    Shoals: Lair:2-4     Snake: Lair:2-4    Spider: Lair:2-4

Altars:
Ashenzari
Cheibriados
Dithmenos
Elyvilon
Fedhas
Gozag
Hepliaklqana
Kikubaaqudgha
Makhleb
Nemelex Xobeh
Okawaru
Qazlal
Ru
Sif Muna
Trog
Uskayaw
Vehumet
Wu Jian
Xom
Yredelemnul
Zin
The Shining One
Beogh

Shops:
D:4 =   D:5 *   D:10 ?[[=*

Portals:
Abyss: D:5

Annotations:
D:5 2 transporters, Galthrax's ghost, novice GnFE
D:6 1 runed translucent door
D:9 exclusion: two-headed ogre
Lair:1 3 runed translucent doors, mavignon's ghost, journeyman FoVM
Lair:2 exclusions: death yak and 2 downstairs
Lair:3 exclusion: door
Orc:2 Saint Roka; Urug


Innate Abilities, Weirdness & Mutations

You are resistant to torment.
Your stone body is resilient. (AC +9)
You are immune to poison.
You resist negative energy. (rN+)
You are resistant to electric shocks. (rElec)
You can survive without breathing.
You are immune to petrification.
You are immune to miasma.


Message History

6 gold pieces; a +0 dagger; a +0 robe
Things that are here:
30 gold pieces; a bolt; a +0 club
Casting: Mephitic Cloud (dangerous; 21% risk of failure)
Confirm with . or Enter, or press ? or * to list all spells.
You can't see any susceptible monsters within range! (Use Z to cast anyway.)
Casting: Mephitic Cloud (dangerous; 21% risk of failure)
Confirm with . or Enter, or press ? or * to list all spells.
Aiming: Mephitic Cloud (dangerous; 21% risk of failure)
Press: ? - help, Shift-Dir - straight line The ball explodes into a vile cloud!
Saint Roka shoots a bolt.
The bolt hits you!!
* * * LOW HITPOINT WARNING * * *
You are confused.
You feel invigorated.
Saint Roka is engulfed in noxious fumes.
Saint Roka calls down the wrath of Beogh upon you.
Beogh smites you!
You die...
Your body crumbles into a pile of gold.

#...................
#......○o...........
#......°○...........
#....$○○............
#....(..))..........
#...$...............
#..$................
#...................
##.@................
###################


You could see Saint Roka.

Vanquished Creatures
  Gastronok (Lair:3)
  Josephine (Orc:2)
  A hydra (Lair:3)
  A catoblepas (Lair:3)
  2 two-headed ogres
  A death yak (Lair:3)
  An orc sorcerer (Orc:2)
  4 elephants
  A guardian serpent (Orc:2)
  5 black mambas
  Maurice (Orc:2)
  3 torpor snails
  6 cane toads
  4 komodo dragons
  3 rime drakes
  2 trolls
  A polar bear (Lair:3)
  A wraith (Orc:2)
  8 yaks
  A wyvern (D:10)
  A basilisk (Lair:3)
  2 wargs
  9 water moccasins
  18 orc warriors
  2 ice beasts
  2 sky beasts (D:7)
  7 black bears
  5 wolves (Lair:1)
  A phantom (D:10)
  10 ogres
  3 centaurs
  A big kobold (D:7)
  14 bullfrogs
  A wyvern skeleton (D:9)
  2 scorpions
  12 killer bees
  A howler monkey (D:6)
  2 bullfrog zombies
  4 hounds
  14 orc priests
  A jelly (D:10)
  2 bullfrog skeletons
  A centaur skeleton (D:7)
  13 orc wizards
  5 worker ants
  3 iguanas
  6 hell rats (Lair:2)
  2 worker ant zombies
  14 adders
  3 gnolls (D:9)
  2 shadow imps
  A white imp (D:5)
  2 ufetubi
  An ooze (D:3)
  An adder skeleton (D:6)
  2 adder zombies (D:5)
  5 worms
  2 dart slugs
  7 leopard geckos
  70 orcs
  5 bats
  5 giant cockroaches
  5 goblins
  7 hobgoblins
  7 jackals
  11 kobolds
  5 quokkas
  A ball python (D:3)
  4 frilled lizards
  A leopard gecko skeleton (D:4)
  A quokka skeleton (D:8)
  A quokka zombie (D:5)
  5 rats
360 creatures vanquished.

Vanquished Creatures (collateral kills)
  2 wraiths (Orc:2)
2 creatures vanquished.

Vanquished Creatures (others)
  19 fungi
  27 plants
46 creatures vanquished.

Grand Total: 408 creatures vanquished

Notes
Turn   | Place    | Note
-------+----------+-------------------------------------------
     0 | D:1      | nightchill the Gargoyle Ice Elementalist began the quest
                  | for the Orb.
     0 | D:1      | Reached XP level 1. HP: 10/10 MP: 3/3
   146 | D:1      | Reached XP level 2. HP: 6/16 MP: 0/5
   854 | D:1      | Reached skill level 1 in Fighting
  1373 | D:2      | Reached XP level 3. HP: 16/20 MP: 6/6
  2198 | D:2      | Learned a level 3 spell: Frozen Ramparts
  2488 | D:3      | Reached XP level 4. HP: 26/26 MP: 3/7
  3195 | D:3      | Reached skill level 5 in Ice Magic
  3852 | D:3      | Reached XP level 5. HP: 30/30 MP: 9/9
  4393 | D:4      | Reached skill level 1 in Maces & Flails
  4457 | D:4      | Found a staircase to the Ecumenical Temple.
  4470 | Temple   | Entered the Ecumenical Temple
  4589 | Temple   | Became a worshipper of Gozag Ym Sagoz the Greedy
  4709 | D:4      | Found Jimerum's Jewellery Boutique.
  4864 | D:4      | Reached XP level 6. HP: 31/36 MP: 10/10
  5125 | D:4      | Reached skill level 1 in Staves
  5299 | D:5      | Entered Level 5 of the Dungeon
  5304 | D:5      | Reached skill level 2 in Staves
  5304 | D:5      | Reached XP level 7. HP: 41/41 MP: 7/11
  5605 | D:5      | Found Wuageygg's General Store.
  5613 | D:5      | Reached skill level 3 in Staves
  5861 | D:5      | Found a glowing golden altar of the Shining One.
  5993 | D:5      | Found a transporter.
  6035 | D:5      | Found a one-way gate to the infinite horrors of the Abyss.
  6035 | D:5      | Noticed Galthrax's ghost (novice GnFE)
  6038 | D:5      | Reached skill level 4 in Staves
  6052 | D:5      | Noticed a small abomination
  6428 | D:5      | Found a transporter.
  6589 | D:5      | Reached XP level 8. HP: 47/48 MP: 8/12
  6963 | D:6      | Reached skill level 5 in Staves
  7023 | D:6      | Reached skill level 5 in Fighting
  7514 | D:6      | Found a runed translucent door.
  8069 | D:7      | Got a pair of fine boots
  8089 | D:7      | Identified the cursed +0 pair of boots of the Raven {Int-2
                  | Dex+6} (You found it on level 7 of the Dungeon)
  8334 | D:7      | Reached skill level 6 in Staves
  8527 | D:7      | Reached XP level 9. HP: 52/55 MP: 9/13
  8748 | D:8      | Reached skill level 7 in Staves
  9656 | D:8      | Found a staircase to the Lair.
 10170 | D:9      | Reached skill level 8 in Staves
 10262 | D:9      | Noticed a two-headed ogre
 10432 | D:9      | Got a polished scale mail
 10434 | D:9      | Identified the +0 scale mail of Marbles {Int+9 Slay-3} (You
                  | found it on level 9 of the Dungeon)
 10530 | D:9      | Reached XP level 10. HP: 31/63 MP: 10/14
 10786 | D:9      | Killed a two-headed ogre
 10787 | D:9      | Reached skill level 9 in Staves
 11041 | D:9      | Found a white marble altar of Elyvilon.
 11330 | D:10     | Entered Level 10 of the Dungeon
 11530 | D:10     | Found Innefoe's Armour Shoppe.
 11532 | D:10     | Found a staircase to the Orcish Mines.
 12090 | D:10     | Found a roughly hewn altar of Beogh.
 12129 | D:10     | Bought an ichor-stained cloak for 237 gold pieces
 12139 | D:10     | Identified the +0 cloak "Nynuo" {Stlth+} (You bought it in
                  | a shop on level 10 of the Dungeon)
 12378 | D:10     | Found Wawnaeq's Magic Scroll Shoppe.
 12553 | D:10     | Reached skill level 10 in Staves
 13010 | D:10     | Noticed a two-headed ogre
 13031 | D:10     | Killed a two-headed ogre
 13361 | D:10     | Found Apiaf's Assorted Antiques.
 13602 | Lair:1   | Entered Level 1 of the Lair of Beasts
 13628 | Lair:1   | Reached XP level 11. HP: 51/69 MP: 12/15
 13948 | D:10     | Bought a scroll of brand weapon for 340 gold pieces
 14367 | Lair:1   | Reached skill level 11 in Staves
 14684 | Lair:1   | Found a runed translucent gate.
 14761 | Lair:1   | Found a runed translucent gate.
 14763 | Lair:1   | Found a runed translucent gate.
 14763 | Lair:1   | Noticed mavignon's ghost (journeyman FoVM)
 15454 | Lair:1   | Reached skill level 10 in Ice Magic
 15823 | Lair:2   | Found a snail-covered altar of Cheibriados.
 15974 | Lair:2   | Reached skill level 12 in Staves
 16140 | Lair:2   | Reached skill level 10 in Fighting
 16602 | Lair:2   | Noticed a death yak
 17044 | Lair:2   | Reached XP level 12. HP: 77/77 MP: 12/16
 17324 | Lair:3   | Noticed a death yak
 17354 | Lair:3   | Noticed Gastronok
 17376 | Lair:3   | Killed Gastronok
 17406 | Lair:3   | Noticed a catoblepas
 17521 | Lair:3   | Killed a catoblepas
 17575 | Lair:3   | Reached skill level 13 in Staves
 17581 | Lair:3   | Killed a death yak
 17775 | Lair:3   | Learned a level 3 spell: Mephitic Cloud
 17852 | Lair:3   | Reached skill level 1 in Conjurations
 18018 | Lair:3   | Noticed a four-headed hydra
 18032 | Lair:3   | Killed a four-headed hydra
 18033 | Lair:3   | Reached skill level 1 in Air Magic
 18033 | Lair:3   | Reached skill level 1 in Poison Magic
 18881 | Lair:3   | Noticed a death yak
 18881 | Lair:3   | Noticed an eight-headed hydra
 19048 | Orc:1    | Entered Level 1 of the Orcish Mines
 19096 | D:10     | Learned a level 3 spell: Ozocubu's Armour
 19629 | Orc:2    | Entered Level 2 of the Orcish Mines
 19723 | Orc:2    | Noticed Maurice
 19740 | Orc:2    | Killed Maurice
 19945 | Orc:2    | Noticed Nessos
 19960 | Orc:2    | Noticed Nessos
 19960 | Orc:2    | Nessos changed into Nessos the guardian serpent
 19967 | Orc:2    | Killed Nessos the guardian serpent
 19968 | Orc:2    | Reached XP level 13. HP: 22/84 MP: 17/17
 20234 | Orc:2    | Found a staircase to the Elven Halls.
 20291 | Orc:2    | Noticed Urug
 20477 | Orc:2    | Noticed Josephine
 20485 | Orc:2    | Killed Josephine
 20491 | Orc:2    | Noticed Saint Roka
 21116 | Orc:2    | HP: 1/84 [Saint Roka/bolt (18)]
 21119 | Orc:2    | Killed from afar by Saint Roka

Illustrated notes

Levels and vault maps discovered:
D:1:      dpeg_arrival_pits, layout_loops_corners
D:2:      layout_loops_cross
D:3:      layout_basic, serial_park_tiny_pond
D:4:      layout_basic, minmay_temple_entry_ruins, serial_shops, shop
D:5:      layout_loops_corners, serial_shops, shop,
          gammafunk_ghost_abyssal_escape, nicolae_tso_carved_into_rock
D:6:      wad_crossroads, layout_basic, corexii_checkpoint_b,
          lightli_church_of_beogh
D:7:      layout_rooms, kennysheep_another_room
D:8:      layout_layer_cave, lair_entry_dummy
D:9:      layout_loops_ring, general_overflow_altar
D:10:     layout_loops_corners, orc_david_3, special_room [special_room_orc],
          serial_shops, shop, nicolae_shop_waterfront
Temple:   regret_index_temple_sigil_plot
Lair:1:   layout_long_grid, ebering_ghost_rock_garden, beast_lair_carwin_8
Lair:2:   layout_loops_ring, minivault_19, kennysheep_snail_temple,
          lemuel_fruit_fields
Lair:3:   layout_loops_ring, minmay_shattered_shrine, grunt_megastairs_2,
          uniq_gastronok
Orc:1:    layout_caves
Orc:2:    kennysheep_orc_mage_school, layout_caves, uniq_maurice, uniq_urug,
          uniq_josephine, uniq_nessos, uniq_saint_roka

Skill      XL: |  1  2  3  4  5  6  7  8  9 10 11 12 13 |
---------------+----------------------------------------+-----
Fighting       | 1 2 3 4 5 7 8 10 11 | 11.5
Ice Magic      | 5 6 7 8 9 10 11 | 11.0
Maces & Flails | 2 |  2.2
Staves         | 2 4 6 8 10 12 13 | 13.9
Conjurations   | 3 |  3.8
Air Magic      | 2 |  2.9
Poison Magic   | 2 3 |  3.4
Dodging        | |  1.5
Stealth        | |  2.1
Spellcasting   | |  2.9

Action                   |  1- 3 |  4- 6 |  7- 9 | 10-12 | 13-15 || total
-------------------------+-------+-------+-------+-------+-------++-------
Melee: Unarmed           |    11 |       |       |       |       ||    11
       Dagger            |   103 |   115 |       |       |       ||   218
       Lajatang          |       |    14 |   273 |   542 |   105 ||   934
 Cast: Freeze            |    13 |     4 |       |    41 |       ||    58
       Frozen Ramparts   |     1 |    10 |    22 |    46 |     2 ||    81
       Ozocubu's Armour  |       |       |       |     5 |     4 ||     9
       Mephitic Cloud    |       |       |       |       |     3 ||     3
Invok: Call Merchant     |       |       |       |     2 |       ||     2
Evoke: Wand              |       |       |       |     3 |     3 ||     6
  Use: Scroll            |       |     8 |     4 |    16 |     4 ||    32
       Potion            |       |       |     2 |       |     3 ||     5
 Stab: Sleeping          |     4 |     2 |    11 |    11 |       ||    28
       Distracted        |       |       |       |     1 |     1 ||     2
       Confused          |       |       |       |       |     1 ||     1
       Fleeing           |       |       |       |       |     1 ||     1
Armor: Robe              |    28 |    61 |   142 |   103 |       ||   334
       Ring mail         |       |       |       |   212 |    56 ||   268
Dodge: Dodged            |    87 |   100 |   215 |   264 |    43 ||   709
